 Dungeon Crawl Stone Soup version 0.31-a0-152-g6aa68a64a1 (webtiles) character file.

Game seed: 14016270008863079592

11102 qw the Skirmisher (level 11, -6/99 HPs)
             Began as a Minotaur Hunter on June 10, 2023.
             Was an Elder of Okawaru.
             Mangled by a tarantella (14 damage)
             ... on level 2 of the Lair of Beasts.
             The game lasted 00:03:38 (8420 turns).

qw the Skirmisher (Minotaur Hunter)                 Turns: 8420, Time: 00:03:39

Health: -6/99      AC:  9    Str: 17    XL:     11   Next: 44%
Magic:  15/15      EV: 19    Int:  6    God:    Okawaru [****..]
Gold:   484        SH:  0    Dex: 17    Spells: 10/10 levels left

rFire   . . .        Y - +2 orcbow
rCold   . . .        (shield currently unavailable)
rNeg    . . .        g - +0 ring mail
rPois   .            (helmet restricted)
rElec   .            (no cloak)
rCorr   .            (no gloves)
SInv    .            (no boots)
Will    .....        (no amulet) Stlth
                     d - +5 ring of evasion
HPRegen 0.36/turn    e - +4 ring of protection
MPRegen 0.14/turn

%: no passive effects
@: confused
A: horns 2, retaliatory headbutt
a: Renounce Religion, Heroism, Finesse


You were on level 2 of the Lair of Beasts.
You worshipped Okawaru.
Okawaru was greatly pleased with you.
You visited 3 branches of the dungeon, and saw 11 of its levels.

You collected 646 gold pieces.
You spent 162 gold pieces at shops.


Innate Abilities, Weirdness & Mutations

You have a pair of horns on your head.
You reflexively headbutt those who attack you in melee.


   Skills:
 - Level 10.0 Fighting
 + Level 14.7 Ranged Weapons
 - Level 3.0 Armour
 - Level 6.1 Dodging
 - Level 0.7 Stealth
 + Level 7.8 Invocations


You had 10 spell levels left.
You didn't know any spells.
Your spell library was empty.

Inventory:

Hand Weapons
 Y - a +2 orcbow (weapon)
Armour
 g - a +0 ring mail (worn)
Jewellery
 d - a +5 ring of evasion (left hand)
 e - a +4 ring of protection (right hand)
Wands
 c - a wand of digging (5)
Scrolls
 a - a scroll of identify
 f - 3 scrolls of teleportation
Potions
 b - a potion of might
 h - a potion of lignification {unknown}
 i - a potion of cancellation
 k - a potion of mutation
 l - a potion of berserk rage {unknown}
 q - a potion of brilliance {unknown}

Dungeon Overview and Level Annotations

Branches:
Dungeon (8/15)             Temple (1/1) D:4            Lair (2/5) D:8
  Swamp: Lair:2-3    Shoals: Lair:2-3     Snake: Lair:2-3    Spider: Lair:2-3

Altars:
Ashenzari
Cheibriados
Dithmenos
Elyvilon
Fedhas
Gozag
Hepliaklqana
Kikubaaqudgha
Makhleb
Nemelex Xobeh
Okawaru
Qazlal
Ru
Sif Muna
Trog
Uskayaw
Vehumet
Wu Jian
Xom
Yredelemnul
Zin
The Shining One

Shops:
D:2 ?


Message History

You shoot an arrow.
The arrow closely misses the tarantella.
You shoot an arrow. The arrow misses the tarantella.
You shoot an arrow. The arrow barely misses the tarantella.
The tarantella touches you but does no damage.
The tarantella misses you.
You shoot an arrow. The arrow hits the tarantella!!
The tarantella is severely wounded.
You feel like a meek peon again. The tarantella touches you.
You are confused.
8410 ||| DRINKING potion of curing.
You feel better.
8410 ||| (to cure confusion)
The tarantella misses you.
You shoot an arrow.
The arrow hits the tarantella but does no damage.
The tarantella is severely wounded.
The tarantella misses you. x2
The tarantella touches you but does no damage.
The tarantella touches you.
You shoot an arrow.
The arrow closely misses the tarantella.
The tarantella touches you!
You are confused.
The tarantella touches you but does no damage.
The tarantella touches you! x2
The tarantella misses you. The tarantella barely misses you.
The tarantella closely misses you. The tarantella touches you!
The tarantella closely misses you. x2
The tarantella barely misses you. The tarantella touches you.
The tarantella touches you! The tarantella closely misses you.
The tarantella misses you.
The tarantella touches you but does no damage.
The tarantella touches you!
The tarantella touches you but does no damage. x2
The tarantella closely misses you.
The tarantella completely misses you. x2
The tarantella closely misses you. The tarantella barely misses you.
The tarantella touches you!
You die...

.#.#....#######P..#####
.........#.#.###...##(#
.......................
#.#.P##...#####P#......
##### ##..### ###......
###....#.##.......
########P...#....##......
.............#...........
##.#####@s..#...#......(.
#.s.#.....##......P
##..P.#..... .!.....#...
......#..... #.#........
###$...#... .....#.#


You could see 2 tarantellas.

Vanquished Creatures
  A centaur warrior (D:7)
  A two-headed ogre (D:8)
  A pharaoh ant (Lair:2)
  A black mamba (Lair:1)
  5 cane toads
  A komodo dragon (Lair:1)
  3 rime drakes
  A steam dragon (D:8)
  A basilisk (Lair:1)
  A redback (Lair:2)
  6 yaks (Lair:1)
  Menkaure (D:6)
  3 water moccasins
  7 ice beasts
  3 orc warriors (D:7)
  5 sky beasts
  A black bear (Lair:1)
  3 centaurs
  8 wolves
  2 phantoms
  4 kobold brigands (D:7)
  7 bullfrogs
  3 scorpions (D:5)
  10 wights (D:7)
  2 howler monkeys
  5 hounds
  An orc priest (D:8)
  3 jellies
  A gnoll bouda (D:8)
  6 iguanas
  Natasha (twice) (D:4)
  7 orc wizards
  A sleepcap (D:7)
  A mummy (D:7)
  3 gnolls (D:8)
  6 adders
  3 white imps
  An ufetubus (D:6)
  2 worms (D:2)
  3 dart slugs
  20 orcs
  3 endoplasms
  2 giant cockroaches
  5 goblins
  8 hobgoblins
  2 jackals (D:1)
  8 quokkas
  5 ball pythons
  7 bats
  A goblin zombie (D:7)
  7 kobolds
  An orc zombie (D:7)
  A rat (D:2)
196 creatures vanquished.

Notes
Turn   | Place    | Note
-------+----------+-------------------------------------------
     0 | D:1      | qw the Minotaur Hunter began the quest for the Orb.
     0 | D:1      | Reached XP level 1. HP: 18/18 MP: 0/0
     0 | D:1      | 0 ||| qw: Version: 0.2-a-122-gbc61b45
     0 | D:1      | 0 ||| qw: Game counter: 3609
     0 | D:1      | 0 ||| qw: Always use a shield: true
     0 | D:1      | 0 ||| qw: God list: Okawaru
     0 | D:1      | 0 ||| qw: Allow faded altars: false
     0 | D:1      | 0 ||| qw: Do Orc after D:15 true
     0 | D:1      | 0 ||| qw: Do second Lair branch before Depths: true
     0 | D:1      | 0 ||| qw: Lair rune preference: random
     0 | D:1      | 0 ||| qw: Plans: Normal
     0 | D:1      | 0 ||| PLANNING D:1-11
   190 | D:1      | Reached XP level 2. HP: 25/25 MP: 1/1
   249 | D:1      | Reached skill level 5 in Ranged Weapons
   547 | D:1      | 547 ||| READING scroll labelled ZETEM YSIPOBB.
   548 | D:1      | 548 ||| READING scroll labelled YPEYSOM AROGROCW.
   549 | D:1      | 549 ||| READING scroll labelled SUMIERPH ESTIBE.
   550 | D:1      | 550 ||| READING scroll labelled XEUSOT YWNUNLU.
   551 | D:1      | 551 ||| DROPPING scroll of butterflies.
   611 | D:2      | Reached skill level 3 in Fighting
   625 | D:2      | Reached XP level 3. HP: 31/31 MP: 2/2
   864 | D:2      | Found a hide-covered altar of Uskayaw.
   965 | D:2      | Found a faded altar of an unknown god.
  1070 | D:2      | Found The Oracle's Delphic Readings.
  1074 | D:2      | 1074 ||| BUYING scroll of brand weapon (123 gold).
  1074 | D:2      | Bought a scroll of brand weapon for 123 gold pieces
  1074 | D:2      | 1074 ||| BUYING scroll of teleportation (39 gold).
  1074 | D:2      | Bought a scroll of teleportation for 39 gold pieces
  1074 | D:2      | 1074 ||| READING scroll of brand weapon.
  1074 | D:2      | 1074 ||| BRANDING +0 shortbow.
  1150 | D:2      | 1150 ||| UPGRADING to +5 ring of evasion.
  1151 | D:2      | 1151 ||| READING scroll labelled OVILOOLEHY.
  1240 | D:3      | Found a shadowy altar of Dithmenos.
  1240 | D:3      | Found a shimmering blue altar of Sif Muna.
  1240 | D:3      | Found a sparkling altar of Nemelex Xobeh.
  1349 | D:3      | Reached XP level 4. HP: 38/38 MP: 3/3
  1558 | D:3      | 1558 ||| UPGRADING to +0 ring mail.
  1568 | D:3      | 1568 ||| DROPPING +0 leather armour.
  1569 | D:3      | 1569 ||| READING 2 scrolls of identify.
  1569 | D:3      | 1569 ||| IDENTIFYING fuming coppery potion
  1616 | D:4      | 1616 ||| FLEEEEING.
  1617 | D:4      | 1617 ||| FLEEEEING.
  1618 | D:4      | 1618 ||| FLEEEEING.
  1619 | D:4      | 1619 ||| FLEEEEING.
  1620 | D:4      | 1620 ||| FLEEEEING.
  1621 | D:4      | 1621 ||| FLEEEEING.
  1819 | D:4      | Reached skill level 1 in Armour
  1826 | D:4      | Reached skill level 6 in Ranged Weapons
  1827 | D:4      | Found a staircase to the Ecumenical Temple.
  1829 | D:4      | 1829 ||| PLANNING TEMPLE
  1837 | Temple   | Entered the Ecumenical Temple
  1962 | Temple   | 1962 ||| PLANNING OKAWARU WORSHIP
  1975 | Temple   | Became a worshipper of Warmaster Okawaru
  1975 | Temple   | 1975 ||| PLANNING D:1-11
  2096 | D:4      | Noticed Natasha
  2097 | D:4      | Killed Natasha
  2135 | D:4      | Noticed a phantom
  2141 | D:4      | Killed a phantom
  2142 | D:4      | Reached XP level 5. HP: 46/46 MP: 4/4
  2282 | D:4      | Reached skill level 7 in Ranged Weapons
  2380 | D:4      | Reached * piety under Okawaru
  2494 | D:4      | Noticed Natasha
  2495 | D:4      | 2495 ||| INVOKING Heroism.
  2497 | D:4      | Killed Natasha
  2607 | D:4      | Found a basalt altar of Yredelemnul.
  2682 | D:4      | 2682 ||| READING 2 scrolls of identify.
  2682 | D:4      | 2682 ||| IDENTIFYING lumpy brown potion
  2683 | D:4      | 2683 ||| DROPPING potion of degeneration.
  2706 | D:5      | Entered Level 5 of the Dungeon
  2721 | D:5      | Reached XP level 6. HP: 49/52 MP: 5/5
  2721 | D:5      | Noticed an ice beast
  2722 | D:5      | 2722 ||| INVOKING Heroism.
  2734 | D:5      | 2734 ||| INVOKING Heroism.
  2736 | D:5      | Killed an ice beast
  2737 | D:5      | Reached skill level 8 in Ranged Weapons
  2965 | D:5      | Reached skill level 1 in Invocations
  2983 | D:5      | Reached XP level 7. HP: 60/60 MP: 6/6
  3018 | D:5      | 3018 ||| INVOKING Heroism.
  3161 | D:5      | 3161 ||| INVOKING Heroism.
  3482 | D:5      | Reached skill level 3 in Invocations
  3528 | D:5      | 3528 ||| DROPPING +4 sling of freezing.
  3561 | D:5      | 3561 ||| READING scroll labelled NIK SAGRONK.
  3562 | D:5      | 3562 ||| DRINKING 2 fuming sapphire potions.
  3567 | D:5      | 3567 ||| READING 2 scrolls of identify.
  3567 | D:5      | 3567 ||| IDENTIFYING bubbling pink potion
  3568 | D:5      | 3568 ||| DROPPING potion of ambrosia.
  3569 | D:5      | 3569 ||| DROPPING potion of enlightenment.
  3588 | D:6      | Reached skill level 9 in Ranged Weapons
  3691 | D:6      | Reached skill level 3 in Dodging
  3691 | D:6      | Reached XP level 8. HP: 60/68 MP: 8/10
  3823 | D:6      | 3823 ||| SWAPPING to +0 orcbow.
  3824 | D:6      | 3824 ||| DROPPING +1 shortbow of electrocution.
  3922 | D:6      | 3922 ||| INVOKING Heroism.
  4081 | D:6      | Reached skill level 6 in Fighting
  4250 | D:6      | Identified the +0 short sword of the Evening {flame, rElec
                  | rF+}
  4287 | D:6      | Found a bloodstained altar of Trog.
  4434 | D:6      | 4434 ||| DROPPING ring of ice.
  4435 | D:6      | 4435 ||| UPGRADING to +4 ring of protection.
  4436 | D:6      | 4436 ||| READING scroll labelled RAITHR EGUF.
  4437 | D:6      | 4437 ||| READING scroll labelled XOL RUSUGYRRAXTO.
  4438 | D:6      | 4438 ||| READING 2 scrolls labelled TIZUYZEAWIVY.
  4439 | D:6      | 4439 ||| READING 2 scrolls of identify.
  4439 | D:6      | 4439 ||| IDENTIFYING golden potion
  4440 | D:6      | 4440 ||| DROPPING scroll of fear.
  4442 | D:6      | 4442 ||| Stepping ~*~*~tactically~*~*~ (cloud).
  4526 | D:7      | Noticed Menkaure
  4527 | D:7      | 4527 ||| PLANNING OSSUARY
  4527 | D:7      | 4527 ||| INVOKING Heroism.
  4535 | D:7      | 4535 ||| STAIRDANCE
  4535 | D:7      | HP: 13/70 [??? (11)]
  4537 | D:6      | 4537 ||| READING 2 scrolls of teleportation.
  4538 | D:6      | Killed Menkaure
  4539 | D:6      | Reached skill level 3 in Armour
  4540 | D:6      | 4540 ||| INVOKING Heroism.
  4930 | D:7      | Reached skill level 10 in Ranged Weapons
  4931 | D:7      | 4931 ||| INVOKING Heroism.
  5112 | D:7      | 5112 ||| INVOKING Heroism.
  5149 | D:7      | 5149 ||| FLEEEEING.
  5155 | D:7      | 5155 ||| FLEEEEING.
  5156 | D:7      | 5156 ||| FLEEEEING.
  5157 | D:7      | 5157 ||| FLEEEEING.
  5158 | D:7      | 5158 ||| FLEEEEING.
  5159 | D:7      | 5159 ||| FLEEEEING.
  5160 | D:7      | 5160 ||| FLEEEEING.
  5161 | D:7      | 5161 ||| STAIRDANCE
  5164 | D:6      | Reached ** piety under Okawaru
  5165 | D:6      | Reached XP level 9. HP: 63/79 MP: 11/11
  5211 | D:6      | 5211 ||| READING scroll labelled YTTIADDO YWOA.
  5217 | D:7      | 5217 ||| RIP OSSUARY
  5227 | D:7      | 5227 ||| PLANNING D:1-11
  5264 | D:7      | 5264 ||| READING scroll of enchant weapon.
  5264 | D:7      | 5264 ||| ENCHANTING +0 orcbow.
  5459 | D:7      | 5459 ||| Stepping ~*~*~tactically~*~*~ (outnumbered).
  5489 | D:7      | Reached skill level 11 in Ranged Weapons
  5561 | D:7      | 5561 ||| INVOKING Heroism.
  5590 | D:7      | 5590 ||| INVOKING Heroism.
  5618 | D:7      | Noticed a centaur warrior
  5627 | D:7      | 5627 ||| INVOKING Heroism.
  5628 | D:7      | Killed a centaur warrior
  5629 | D:7      | Reached skill level 12 in Ranged Weapons
  5665 | D:7      | 5665 ||| FLEEEEING.
  5666 | D:7      | 5666 ||| FLEEEEING.
  5667 | D:7      | 5667 ||| FLEEEEING.
  5670 | D:7      | 5670 ||| FLEEEEING.
  5671 | D:7      | 5671 ||| FLEEEEING.
  5672 | D:7      | 5672 ||| FLEEEEING.
  5673 | D:7      | 5673 ||| FLEEEEING.
  5674 | D:7      | 5674 ||| FLEEEEING.
  5675 | D:7      | 5675 ||| FLEEEEING.
  5676 | D:7      | 5676 ||| FLEEEEING.
  5677 | D:7      | 5677 ||| FLEEEEING.
  5678 | D:7      | 5678 ||| FLEEEEING.
  5679 | D:7      | 5679 ||| FLEEEEING.
  5680 | D:7      | 5680 ||| FLEEEEING.
  5681 | D:7      | 5681 ||| FLEEEEING.
  5682 | D:7      | 5682 ||| FLEEEEING.
  5683 | D:7      | 5683 ||| FLEEEEING.
  5684 | D:7      | 5684 ||| FLEEEEING.
  5685 | D:7      | 5685 ||| FLEEEEING.
  5686 | D:7      | 5686 ||| INVOKING Heroism.
  5827 | D:7      | 5827 ||| READING scroll of enchant weapon.
  5827 | D:7      | 5827 ||| ENCHANTING +1 orcbow.
  5885 | D:7      | Reached XP level 10. HP: 82/88 MP: 12/12
  5927 | D:7      | 5927 ||| READING 3 scrolls labelled FOAHILOEWU.
  5929 | D:7      | 5929 ||| FLEEEEING.
  5933 | D:7      | 5933 ||| FLEEEEING.
  5934 | D:7      | 5934 ||| FLEEEEING.
  5936 | D:7      | 5936 ||| FLEEEEING.
  5937 | D:7      | 5937 ||| FLEEEEING.
  5940 | D:7      | 5940 ||| FLEEEEING.
  5941 | D:7      | 5941 ||| FLEEEEING.
  5942 | D:7      | 5942 ||| FLEEEEING.
  5943 | D:7      | 5943 ||| FLEEEEING.
  5944 | D:7      | 5944 ||| FLEEEEING.
  5945 | D:7      | 5945 ||| FLEEEEING.
  5946 | D:7      | 5946 ||| FLEEEEING.
  5947 | D:7      | 5947 ||| FLEEEEING.
  5948 | D:7      | 5948 ||| STAIRDANCE
  6055 | D:6      | 6055 ||| DRINKING 2 metallic green potions.
  6056 | D:6      | 6056 ||| READING 2 scrolls of identify.
  6056 | D:6      | 6056 ||| IDENTIFYING pink potion
  6057 | D:6      | 6057 ||| DROPPING 2 scrolls of silence.
  6058 | D:6      | 6058 ||| DROPPING potion of attraction.
  6279 | D:7      | Reached *** piety under Okawaru
  6280 | D:7      | Reached skill level 13 in Ranged Weapons
  6496 | D:8      | Noticed a two-headed ogre
  6497 | D:8      | 6497 ||| INVOKING Heroism.
  6505 | D:8      | Killed a two-headed ogre
  6506 | D:8      | Reached skill level 9 in Fighting
  6522 | D:8      | 6522 ||| INVOKING Heroism.
  6524 | D:8      | 6524 ||| Stepping ~*~*~tactically~*~*~ (cloud).
  6532 | D:8      | 6532 ||| Stepping ~*~*~tactically~*~*~ (cloud).
  6689 | D:8      | Found a staircase to the Lair.
  6694 | D:8      | Reached **** piety under Okawaru
  6821 | D:8      | 6821 ||| INVOKING Heroism.
  6962 | D:8      | Found an ornate altar of the Wu Jian Council.
  7029 | D:8      | 7029 ||| PLANNING LAIR
  7029 | D:8      | 7029 ||| READING 2 scrolls of identify.
  7029 | D:8      | 7029 ||| IDENTIFYING murky puce potion
  7064 | Lair:1   | Entered Level 1 of the Lair of Beasts
  7067 | Lair:1   | Noticed a cane toad
  7068 | Lair:1   | 7068 ||| INVOKING Heroism.
  7073 | Lair:1   | Killed a cane toad
  7074 | Lair:1   | Reached skill level 14 in Ranged Weapons
  7116 | Lair:1   | 7116 ||| INVOKING Heroism.
  7141 | Lair:1   | Noticed a cane toad
  7142 | Lair:1   | 7142 ||| INVOKING Heroism.
  7151 | Lair:1   | Killed a cane toad
  7152 | Lair:1   | Reached skill level 6 in Dodging
  7306 | Lair:1   | Noticed a cane toad
  7307 | Lair:1   | 7307 ||| INVOKING Heroism.
  7322 | Lair:1   | Killed a cane toad
  7323 | Lair:1   | Reached skill level 6 in Invocations
  7323 | Lair:1   | Reached XP level 11. HP: 61/97 MP: 12/14
  7559 | Lair:1   | 7559 ||| INVOKING Heroism.
  7831 | Lair:1   | 7831 ||| INVOKING Heroism.
  8108 | Lair:1   | 8108 ||| DROPPING ring of positive energy.
  8266 | Lair:2   | 8266 ||| INVOKING Heroism.
  8338 | Lair:2   | Reached ***** piety under Okawaru
  8369 | Lair:2   | Noticed a pharaoh ant
  8370 | Lair:2   | 8370 ||| INVOKING Heroism.
  8379 | Lair:2   | Killed a pharaoh ant
  8410 | Lair:2   | 8410 ||| DRINKING potion of curing.
  8410 | Lair:2   | 8410 ||| (to cure confusion)
  8416 | Lair:2   | HP: 21/99 [tarantella (11)]
  8418 | Lair:2   | HP: 7/99 [tarantella (14)]
  8420 | Lair:2   | Mangled by a tarantella

Levels and vault maps discovered:
D:1:      onia_arrival_pyramid, layout_basic, serial_bayou_pond_e
D:2:      layout_basic, basic_ecumenical_altar, basic_altar,
          nicolae_nh_oracle_at_delphi
D:3:      layout_rooms, gammafunk_temple_overflow_forgotten
D:4:      cheibrodos_old_hovel, layout_gridville, yredelemnul_altar_generic,
          minmay_temple_entry_mini_moons, serial_glass, glass_columns_a,
          glass_columns_c, uniq_natasha
D:5:      layout_cave_pods
D:6:      layout_loops_ring, mainiacjoe_overflow_alcove_1,
          kennysheep_another_room
D:7:      layout_cave_pods, nicolae_ossuary_entry_giza, skrybe_limestone_x,
          hex_medium, kennysheep_nub, nzn_random_ring, uniq_menkaure
D:8:      layout_rooms, nzn_wu_jian_council_hall, hellmonk_lair_entry_icy
Temple:   nicolae_temple_elliptical
Lair:1:   layout_hall_layers, patterned_corridor
Lair:2:   layout_long_grid, nicolae_spider_entry_lesser_pyramids

Skill      XL: |  1  2  3  4  5  6  7  8  9 10 11 |
---------------+----------------------------------+-----
Ranged Weapons | 5 6 7 8 9 10 12 14 | 14.7
Fighting       | 3 4 5 7 8 9 10 | 10.0
Armour         | 1 3 |  3.0
Invocations    | 1 4 6 7 |  7.8
Dodging        | 3 4 6 |  6.1
Stealth        | |  0.7

Action                     |  1- 3 |  4- 6 |  7- 9 | 10-12 || total
---------------------------+-------+-------+-------+-------++-------
   Fire: Shortbow          |   109 |    87 |    82 |       ||   278
         Orcbow            |       |       |   231 |   299 ||   530
 Invoke: Heroism           |       |     3 |    11 |    11 ||    25
    Use: Scroll            |     6 |     2 |    10 |     3 ||    21
         Potion            |       |       |     1 |     2 ||     3
 Armour: Leather armour    |     7 |       |       |       ||     7
         Ring mail         |       |     7 |    38 |    37 ||    82
  Dodge: Dodged            |    27 |    23 |   146 |   127 ||   323

Table legend:
 A = Non-vault XP
 B = Vault XP
 C = Vault XP percentage of total XP
 D = Non-vault monster count
 E = Vault monster count
 F = Vault count percentage of total count
                 A         B        C        D         E       F
            +---------+---------+-------+---------+---------+-------
      Total |   11163 |    4697 |  29.6 |     160 |      36 |  18.4
            +---------+---------+-------+---------+---------+-------
        D:1 |      26 |       0 |   0.0 |      15 |       0 |   0.0
        D:2 |      50 |       3 |   5.7 |      13 |       2 |  13.3
        D:3 |      34 |       0 |   0.0 |      15 |       0 |   0.0
        D:4 |     188 |      75 |  28.5 |      10 |       2 |  16.7
        D:5 |     782 |       0 |   0.0 |      19 |       0 |   0.0
        D:6 |     644 |     301 |  31.9 |      18 |       2 |  10.0
        D:7 |    1462 |    2485 |  63.0 |      25 |      23 |  47.9
        D:8 |    1432 |     868 |  37.7 |      16 |       5 |  23.8
     Lair:1 |    5393 |       0 |   0.0 |      24 |       0 |   0.0
     Lair:2 |    1152 |     965 |  45.6 |       5 |       2 |  28.6
            +---------+---------+-------+---------+---------+-------
